 Dungeon Sprint DCSS version 0.19.5 (webtiles) character file.

6358 dwjmeijer the Imperceptible (level 10, -9/44 HPs)
             Began as a Spriggan Enchanter on May 4, 2017.
             Was the Champion of Zin.
             Mangled by a centaur warrior (13 damage)
             ... in the Dungeon (Sprint I: "Red Sonja").
             The game lasted 00:05:37 (736 turns).

dwjmeijer the Imperceptible (Spriggan Enchanter)     Turns: 736, Time: 00:05:37

Health: -9/44      AC:  4    Str:  4    XL:     10   Next: 65%
Magic:  8/21       EV: 18    Int: 19    God:    Zin [******]
Gold:   796        SH:  0    Dex: 18    Spells: 5 memorised, 10 levels left

rFire  . . .     SeeInvis +     l - +1 dagger (venom)
rCold  . . .     Gourm    .     k - +2 robe {MR+}
rNeg   . . .     Faith    .     (shield restricted)
rPois  .         Spirit   .     (helmet restricted)
rElec  .         Reflect  .     (no cloak)
rCorr  .         Harm     .     (gloves unavailable)
MR     ++...     NoTele   +     (boots unavailable)
Stlth  +++++++++.               (no amulet)
                                (no ring)
                                (no ring)

@: very quick
A: unfitting armour, see invisible, herbivore 3, speed 3, slow metabolism 2
a: Recite, Vitalisation, Imprison, Sanctuary, Donate Gold, Cure All Mutations,
Renounce Religion


You were in the Dungeon.
You worshipped Zin.
Zin was exalted by your worship.
You were not hungry.

You visited 1 branch You collected 818 gold pieces.
You donated 22 gold pieces to Zin.

Inventory:

Hand Weapons
 a - a +1 dagger
 l - a +1 dagger of venom (weapon)
Armour
 b - a +1 robe
 k - a +2 robe of magic resistance (worn)
Scrolls
 j - a scroll of blinking
Potions
 e - 2 potions of curing
 g - a potion of haste
 h - 2 potions of magic
 i - a potion of berserk rage
Books
 c - a book of Maledictions

   Spells                             Type                      Level
   a - Corona                         Hexes                        1
   b - Ensorcelled Hibernation        Hexes/Ice                    2
   c - Confuse                        Hexes                        3
   d - Tukima's Dance                 Hexes                        3
   e - Dazzling Spray                 Conjuration/Hexes            3
Comestibles
 d - a bread ration


   Skills:
 - Level 1.1 Short Blades
 - Level 3.0 Dodging
 + Level 23.1 Stealth
 - Level 6.7 Spellcasting
 + Level 18.8 Hexes
 + Level 8.6 Invocations


You had 10 spell levels left.
You knew the following spells:

 Your Spells              Type           Power        Failure   Level  Hunger
a - Corona                Hex            ######.      0%          1    None
b - Ensorcelled Hibernat  Hex/Ice        #####.       1%          2    None
c - Confuse               Hex            ######..     0%          3    ##.....
d - Dazzling Spray        Conj/Hex       #####.       1%          3    ##.....
e - Tukima's Dance        Hex            ######..     0%          3    ##.....


Dungeon Overview and Level Annotations

Branches:
Dungeon (1/1)

Altars:
Cheibriados
Dithmenos
Elyvilon
Fedhas
Gozag
Hepliaklqana
Kikubaaqudgha
Makhleb
Nemelex Xobeh
Okawaru
Qazlal
Ru
Sif Muna
Trog
Uskayaw
Vehumet
Xom
Yredelemnul
Zin
The Shining One
Jiyva
Lugonu

Shops:
D **?*%*[


Innate Abilities, Weirdness & Mutations

You are very small and have problems with some larger weapons.
You are too small for most types of armour.
You have supernaturally acute eyesight. (SInv)
You are a herbivore.
You cover ground extremely quickly.
You need consume almost no food.


Message History

The centaur warrior hits you.
* * * LOW HITPOINT WARNING * * *
You feel better. The centaur warrior closely misses you.
The centaur warrior hits you!
* * * LOW HITPOINT WARNING * * *
Casting: Ensorcelled Hibernation
Confirm with . or Enter, or press ? or * to list all spells.
Aiming: Ensorcelled Hibernation
Press: ? - help, Shift-Dir - straight line, f/p - centaur warrior
Aim: a centaur warrior (purple smoke, lightly wounded, poisoned, chance to defeat MR: 50%)
The centaur warrior resists with some effort.
The centaur warrior misses you.
Casting: Ensorcelled Hibernation
Confirm with . or Enter, or press ? or * to list all spells.
Aiming: Ensorcelled Hibernation
Press: ? - help, Shift-Dir - straight line, f/p - centaur warrior
Aim: a centaur warrior (lightly wounded, poisoned, chance to defeat MR: 50%)
The centaur warrior resists with some effort.
The centaur warrior hits you!
You die...

#######################
#.)'..#.)'..#__#..'.).#
'..#.)'..#..'..'..#)..#
#####'#####'#__####...+
####..#...#.####§)#####
#__####..##(#≈§§§c#
#_____##'#.§'§§§@§+
#_.∩...'...§#§≈≈§§#
#_..__##_.#'##+####
#_____###'#.#[%[(###
#########.####'###[##
.......'..÷'.....')∩#
''''####.).##########
.....####.###
......#.#'#.#


You could see a centaur warrior.

Vanquished Creatures
  A centaur warrior (D)
  Sonja (D)
  A deep troll (D)
  8 shining eyes (D)
  2 kobold demonologists (D)
  Sigmund (D)
  A slime creature (D)
  A yak (D)
  5 floating eyes (D)
  An ogre (D)
  A jelly (D)
  Ijyb (D)
  2 ballistomycetes (D)
  A ballistomycete spore (D)
27 creatures vanquished.

Vanquished Creatures (others)
  A ballistomycete spore (D)
  2 pillars of salt (D)
3 creatures vanquished.

Grand Total: 30 creatures vanquished

Notes
Turn   | Place    | Note
-------+----------+-------------------------------------------
     0 | D        | dwjmeijer the Spriggan Enchanter began the quest for the Orb.
     0 | D        | Reached XP level 1. HP: 9/9 MP: 5/5
     2 | D        | Noticed Ijyb
     8 | D        | Killed Ijyb
     8 | D        | Reached skill level 6 in Stealth
     8 | D        | Reached skill level 5 in Hexes
     8 | D        | Reached XP level 2. HP: 13/13 MP: 5/8
    14 | D        | Learned a level 2 spell: Ensorcelled Hibernation
    37 | D        | Noticed an ogre
    39 | D        | Killed an ogre
    39 | D        | Reached skill level 9 in Stealth
    39 | D        | Reached XP level 3. HP: 16/16 MP: 9/12
    39 | D        | Reached XP level 4. HP: 21/21 MP: 9/13
    77 | D        | Learned a level 3 spell: Confuse
    81 | D        | Learned a level 3 spell: Dazzling Spray
    85 | D        | Learned a level 3 spell: Tukima's Dance
    86 | D        | Noticed Sigmund
    90 | D        | Killed Sigmund
    90 | D        | Reached skill level 12 in Stealth
    90 | D        | Reached skill level 10 in Hexes
    90 | D        | Reached XP level 5. HP: 24/24 MP: 12/15
    90 | D        | Reached XP level 6. HP: 28/28 MP: 12/16
   119 | D        | Found a deep blue altar of Sif Muna.
   121 | D        | Found a radiant altar of Vehumet.
   125 | D        | Reached skill level 13 in Stealth
   151 | D        | Found Biolotte's General Store.
   151 | D        | Found an ancient bone altar of Kikubaaqudgha.
   151 | D        | Found a hazy altar of Hepliaklqana.
   151 | D        | Found a stormy altar of Qazlal.
   151 | D        | Found a hide-covered altar of Uskayaw.
   151 | D        | Found a blossoming altar of Fedhas.
   151 | D        | Found a bloodstained altar of Trog.
   151 | D        | Found an iron altar of Okawaru.
   151 | D        | Found a basalt altar of Yredelemnul.
   151 | D        | Found a glowing golden altar of the Shining One.
   151 | D        | Found a snail-covered altar of Cheibriados.
   151 | D        | Found a sacrificial altar of Ru.
   151 | D        | Found a glowing silver altar of Zin.
   151 | D        | Found a shadowy altar of Dithmenos.
   151 | D        | Found a white marble altar of Elyvilon.
   151 | D        | Noticed a yak
   152 | D        | Found an opulent altar of Gozag.
   153 | D        | Killed a yak
   153 | D        | Reached skill level 14 in Stealth
   154 | D        | Found a sparkling altar of Nemelex Xobeh.
   161 | D        | Became a worshipper of Zin the Law-Giver
   161 | D        | Reached * piety under Zin
   161 | D        | Reached ** piety under Zin
   161 | D        | Reached *** piety under Zin
   161 | D        | Reached **** piety under Zin
   161 | D        | Reached ***** piety under Zin
   161 | D        | Reached ****** piety under Zin
   182 | D        | Noticed Sonja
   186 | D        | Killed Sonja
   186 | D        | Reached skill level 17 in Stealth
   186 | D        | Reached XP level 7. HP: 32/32 MP: 18/18
   201 | D        | Noticed a deep troll
   211 | D        | Killed a deep troll
   211 | D        | Reached skill level 18 in Stealth
   211 | D        | Reached skill level 15 in Hexes
   211 | D        | Reached XP level 8. HP: 36/36 MP: 14/19
   223 | D        | Found Peghaylo's Armour Emporium.
   258 | D        | Found Aclebic's General Store.
   269 | D        | Noticed a shining eye
   269 | D        | Noticed a shining eye
   269 | D        | Noticed a shining eye
   269 | D        | Noticed a shining eye
   269 | D        | Noticed a shining eye
   269 | D        | Noticed a shining eye
   271 | D        | Reached skill level 19 in Stealth
   274 | D        | Paralysed by a floating eye for 3 turns
   286 | D        | Paralysed by a floating eye for 3 turns
   296 | D        | Paralysed by a floating eye for 3 turns
   297 | D        | Killed a shining eye
   297 | D        | Reached XP level 9. HP: 39/39 MP: 18/20
   298 | D        | Killed a shining eye
   298 | D        | Reached skill level 20 in Stealth
   302 | D        | Paralysed by a floating eye for 4 turns
   313 | D        | Paralysed by a floating eye for 3 turns
   318 | D        | Killed a shining eye
   318 | D        | Reached skill level 21 in Stealth
   332 | D        | Killed a shining eye
   348 | D        | Killed a shining eye
   348 | D        | Reached skill level 5 in Invocations
   357 | D        | Killed a shining eye
   357 | D        | Reached XP level 10. HP: 44/44 MP: 21/21
   359 | D        | Noticed a shining eye
   359 | D        | Noticed a shining eye
   365 | D        | Reached skill level 22 in Stealth
   369 | D        | Killed a shining eye
   377 | D        | Killed a shining eye
   379 | D        | Found Xies's General Store.
   379 | D        | Found Nihegaze's General Store.
   379 | D        | Found Astri's Magic Scroll Emporium.
   380 | D        | Found Purothroi's Food Shop.
   601 | D        | Found a burning altar of Makhleb.
   601 | D        | Found a viscous altar of Jiyva.
   601 | D        | Found a shimmering altar of Xom.
   601 | D        | Found a corrupted altar of Lugonu.
   723 | D        | Noticed a centaur warrior
   724 | D        | Noticed a centaur warrior
   729 | D        | Killed a centaur warrior
   729 | D        | Reached skill level 23 in Stealth
   730 | D        | HP: 2/44 [centaur warrior (5)]
   736 | D        | Mangled by a centaur warrior

Skill      XL: |  1  2  3  4  5  6  7  8  9 10 |
---------------+-------------------------------+-----
Stealth        | 6 9 12 17 18 19 21 23 | 23.1
Spellcasting   | 4 6 |  6.7
Hexes          | 5 7 10 13 15 16 17 18 | 18.8
Invocations    | 5 8 |  8.6
Short Blades   | |  1.1
Dodging        | |  3.0

Action                   |  1- 3 |  4- 6 |  7- 9 | 10-12 || total
-------------------------+-------+-------+-------+-------++-------
Melee: Dagger            |     6 |     5 |    68 |    35 ||   114
 Cast: Ensorcelled Hiber |       |     1 |     4 |    15 ||    20
       Confuse           |       |       |     1 |     2 ||     3
       Dazzling Spray    |       |       |       |     2 ||     2
Invok: Recite            |       |       |     2 |     1 ||     3
  Use: Potion            |       |       |       |     2 ||     2
 Stab: Sleeping          |     2 |     5 |     3 |     7 ||    17
       Invisible         |       |       |       |     2 ||     2
Armor: Robe              |       |       |       |     6 ||     6
Dodge: Dodged            |     3 |     1 |       |    29 ||    33
